 Dungeon Crawl Stone Soup version 0.18.1-6-gd335043 (webtiles) character file.

3403 Dragandan the Shield-Bearer (level 9, 0/81 HPs)
             Began as a Deep Dwarf Fighter on May 16, 2016.
             Was a Priest of Nemelex Xobeh.
             Slain by a blink frog (6 damage)
             ... on level 1 of the Lair of Beasts on May 17, 2016.
             The game lasted 00:48:16 (4339 turns).

Dragandan the Shield-Bearer (Deep Dwarf Fighter)    Turns: 4339, Time: 00:48:16

Health: 0/81       AC: 10    Str: 23    XL:     9   Next: 75%
Magic:  10/10      EV: 12    Int:  9    God:    Nemelex Xobeh [***...]
Gold:   252        SH: 11    Dex: 12    Spells: 0 memorised, 8 levels left

rFire  . . .     SeeInvis .     a - +3 war axe
rCold  . . .     Gourm    .     b - +0 scale mail
rNeg   . . .     Faith    .     c - +0 shield
rPois  +         Spirit   .     v - +0 helmet
rElec  .         Dismiss  .     E - +0 cloak {rPois}
rCorr  .         Reflect  .     (no gloves)
SustAt .         Harm     .     (no boots)
MR     +....                    (no amulet)
Stlth  ++........               (no ring)
                                i - ring of stealth

@: very slightly contaminated, non-regenerating, hasted, very quick, somewhat
resistant to hostile enchantments, unstealthy
A: damage resistance, recharge devices, sense surroundings 2, slow regeneration
3
a: Device Recharging, Triple Draw, Renounce Religion


You were on level 1 of the Lair of Beasts.
You worshipped Nemelex Xobeh.
Nemelex Xobeh was most pleased with you.
You were not hungry.

You visited 2 branches of the dungeon, and saw 9 of its levels.

You collected 252 gold pieces.

Inventory:

Hand Weapons
 a - a +3 war axe (weapon)
 g - a cursed +0 scythe
 k - a cursed -2 whip
Armour
 b - a +0 scale mail (worn)
 c - a +0 shield (worn)
 o - a +0 robe
 p - a +3 leather armour of poison resistance
 v - a +0 helmet (worn)
 x - a +0 cloak of poison resistance
 E - a +0 cloak of poison resistance (worn)
Jewellery
 i - a ring of stealth (left hand)
Wands
 e - a wand of heal wounds (0/9)
 C - a wand of paralysis (12/24)
 D - a wand of flame (5/48)
 G - a wand of flame (23/48)
Scrolls
 r - 2 scrolls of remove curse
 s - a scroll of immolation
 u - 5 scrolls of teleportation
Potions
 d - a potion of might
 j - a potion of invisibility
 t - 4 potions of flight
Books
 w - a book of Alchemy

   Spells                             Type                      Level
   a - Sublimation of Blood           Necromancy                   2
   b - Ignite Poison                  Fire/Transmutation/Poison    3
   c - Petrify                        Transmutation/Earth          4
   d - Alistair's Intoxication        Transmutation/Poison         5
   e - Irradiate                      Conjuration/Transmutation    5
 B - a book of Minor Magic

   Spells                             Type                      Level
   a - Magic Dart                     Conjuration                  1
   b - Blink                          Translocation                2
   c - Call Imp                       Summoning                    2
   d - Repel Missiles                 Charms/Air                   2
   e - Slow                           Hexes                        2
   f - Conjure Flame                  Conjuration/Fire             3
   g - Mephitic Cloud                 Conjuration/Poison/Air       3
 H - a book of Envenomations

   Spells                             Type                      Level
   a - Spider Form                    Transmutation/Poison         3
   b - Olgreb's Toxic Radiance        Poison                       4
   c - Alistair's Intoxication        Transmutation/Poison         5
   d - Poisonous Cloud                Conjuration/Poison/Air       6
 I - a book of Debilitation

   Spells                             Type                      Level
   a - Corona                         Hexes                        1
   b - Slow                           Hexes                        2
   c - Gell's Gravitas                Hexes/Translocation          3
   d - Inner Flame                    Hexes/Fire                   3
   e - Cause Fear                     Hexes                        4
   f - Leda's Liquefaction            Hexes/Earth                  4
Miscellaneous
 m - an ornate deck of war {drawn: 5}
 y - a plain deck of destruction {drawn: 3}
 F - an ornate deck of destruction {drawn: 4}
Comestibles
 f - 3 bread rations
 h - 7 chunks of flesh
 n - 3 slices of pizza
 q - 2 meat rations
 z - 10 fruits


   Skills:
 + Level 5.6 Fighting
 + Level 7.3 Axes
 + Level 7.1 Armour
 + Level 6.7 Dodging
 + Level 1.6 Stealth
 + Level 7.9 Shields
 + Level 2.3 Evocations


You had 8 spell levels left.
You didn't know any spells.

Dungeon Overview and Level Annotations

Branches:
Dungeon (8/15)             Temple (0/1) D:6            Lair (1/8) D:8

Altars:
Cheibriados
Dithmenos
Elyvilon
Fedhas
Nemelex Xobeh
Vehumet
Yredelemnul
Zin
The Shining One

Shops:
D:2 *   D:4 (   D:5 }   D:7 =


Innate Abilities, Weirdness & Mutations

You are resistant to damage.
You can recharge devices by infusing magical energy.
You passively map the area around you.
You do not regenerate naturally.


Message History

The blink frog is moderately wounded.
The blink frog blinks!
The blink frog hits you but does no damage.
You closely miss the blink frog.
The blink frog is moderately wounded.
The blink frog blinks! x2; The blink frog closely misses you.
The blink frog blinks!
You hit the blink frog.
The blink frog is moderately wounded.
You block the blink frog's attack.
The blink frog blinks!
You barely miss the blink frog.
The blink frog is moderately wounded.
The blink frog hits you!
* * * LOW HITPOINT WARNING * * *
You block the blink frog's attack.
You hit the blink frog.
The blink frog is heavily wounded.
The blink frog blinks!
The blink frog hits you!
You die...
Your body disappears without a glow.

###......###
#.....
###....P#
#8.>.8
##P......##
#.....
#....§....#
##....
#.........##
##+#.
#..........#
,..
##........## ,
8.. #.....F..#
, ,,,,
##.....@§## *
, ##.......###
*, ##.....%..#
, ,
##.....F......
##....§.#..8.,
, ,
##.#..#.....
,, #..........
* ,
*...........
#.....#.....*


You could see 2 blink frogs.

Vanquished Creatures
  A black mamba (Lair:1)
  Joseph (D:7)
  A komodo dragon (Lair:1)
  2 blink frogs (Lair:1)
  A hippogriff (D:7)
  A steam dragon (D:7)
  A black bear (D:7)
  2 orc warriors
  A sky beast (D:5)
  An ice beast (D:7)
  2 centaurs
  An ogre (D:7)
  4 giant frogs
  A scorpion (D:7)
  2 hounds
  A jelly (D:5)
  An orc priest (D:5)
  Crazy Yiuf (D:6)
  Ijyb (D:2)
  An iguana (D:7)
  4 worker ants
  3 gnolls (D:6)
  5 adders
  3 river rats (D:8)
  2 shadow imps
  An adder skeleton (D:6)
  A worm (D:6)
  A dart slug (D:2)
  3 giant geckos
  8 orcs
  20 bats
  3 giant cockroaches
  9 goblins
  9 hobgoblins
  16 jackals
  2 quokkas
  3 ball pythons
  4 giant newts
  5 kobolds
  18 rats
  2 fungi (Lair:1)
  A plant (D:1)
150 creatures vanquished.

Vanquished Creatures (collateral kills)
  The ghost of F1L1N the Shield-Bearer, an amateur FoFi (D:5)
  Sigmund (D:2)
  An ogre (D:5)
  A crimson imp (D:5)
  An orc wizard (D:5)
  A worker ant (D:5)
  An adder (D:2)
  2 worms (D:2)
  A giant gecko (D:5)
  2 orcs (D:5)
  A hobgoblin (D:2)
  2 jackals (D:2)
15 creatures vanquished.

Grand Total: 165 creatures vanquished

Notes
Turn   | Place    | Note
--------------------------------------------------------------
     0 | D:1      | Dragandan the Deep Dwarf Fighter began the quest for the Orb.
     0 | D:1      | Reached XP level 1. HP: 20/20 MP: 1/1
    69 | D:1      | Reached XP level 2. HP: 24/27 MP: 2/2
   419 | D:1      | Reached XP level 3. HP: 22/33 MP: 3/3
   572 | D:2      | Reached skill level 1 in Dodging
   650 | D:2      | Found a sparkling altar of Nemelex Xobeh.
   665 | D:2      | Became a worshipper of Nemelex Xobeh the Trickster
   685 | D:2      | Received a gift from Nemelex Xobeh
   700 | D:2      | Noticed Sigmund
   727 | D:2      | Killed Sigmund
   727 | D:2      | Reached XP level 4. HP: 33/42 MP: 4/4
   727 | D:2      | Reached XP level 5. HP: 39/49 MP: 5/5
   835 | D:2      | Found Zin's Purification Station.
   842 | D:2      | Found a glowing silver altar of Zin.
   954 | D:2      | Found a faded altar to an unknown god.
  1020 | D:2      | Noticed Ijyb
  1049 | D:2      | Killed Ijyb
  1253 | D:3      | Noticed a centaur
  1262 | D:3      | Killed a centaur
  1262 | D:3      | Reached XP level 6. HP: 24/56 MP: 6/6
  1300 | D:3      | Found a radiant altar of Vehumet.
  1362 | D:3      | Reached * piety under Nemelex Xobeh
  1453 | D:3      | Found a blossoming altar of Fedhas.
  2020 | D:4      | Found Manuah's Weapon Boutique.
  2186 | D:4      | Reached skill level 5 in Shields
  2186 | D:4      | Reached skill level 1 in Evocations
  2187 | D:4      | Noticed an orc warrior
  2205 | D:4      | Killed an orc warrior
  2205 | D:4      | Reached skill level 5 in Armour
  2317 | D:5      | Entered Level 5 of the Dungeon
  2344 | D:5      | Reached XP level 7. HP: 59/63 MP: 7/7
  2407 | D:5      | Received a gift from Nemelex Xobeh
  2415 | D:5      | Noticed F1L1N's ghost (amateur FoFi)
  2426 | D:5      | Killed F1L1N's ghost
  2448 | D:5      | Reached ** piety under Nemelex Xobeh
  2508 | D:5      | Found a basalt altar of Yredelemnul.
  2583 | D:5      | Found Onoeluh's Gadget Shop.
  3016 | D:6      | Reached XP level 8. HP: 40/72 MP: 9/9
  3020 | D:6      | Reached skill level 5 in Axes
  3098 | D:6      | Found a staircase to the Ecumenical Temple.
  3268 | D:6      | Noticed Crazy Yiuf
  3274 | D:6      | Killed Crazy Yiuf
  3561 | D:7      | Received a gift from Nemelex Xobeh
  3626 | D:7      | Found Saruot's Jewellery Shoppe.
  3675 | D:7      | Noticed Joseph
  3687 | D:7      | Reached skill level 1 in Stealth
  3813 | D:7      | Killed Joseph
  3813 | D:7      | Reached skill level 5 in Fighting
  3813 | D:7      | Reached skill level 5 in Dodging
  3813 | D:7      | Gained mutation: You passively map the area around you. [Deep Dwarf growth]
  3813 | D:7      | Reached XP level 9. HP: 51/81 MP: 10/10
  3876 | D:7      | Found a shadowy altar of Dithmenos.
  3878 | D:7      | Found a glowing golden altar of the Shining One.
  3895 | D:7      | Found a snail-covered altar of Cheibriados.
  3895 | D:7      | Found a white marble altar of Elyvilon.
  4187 | D:8      | Found a staircase to the Lair.
  4200 | Lair:1   | Entered Level 1 of the Lair of Beasts
  4200 | Lair:1   | Noticed a komodo dragon
  4215 | Lair:1   | Killed a komodo dragon
  4249 | Lair:1   | Noticed a black mamba
  4262 | Lair:1   | Killed a black mamba
  4269 | Lair:1   | Reached *** piety under Nemelex Xobeh
  4339 | Lair:1   | Slain by a blink frog

Skill      XL: |  1  2  3  4  5  6  7  8  9 |
---------------+----------------------------+-----
Dodging        | 1 2 3 5 6 |  6.7
Fighting       | 3 4 5 |  5.6
Axes           | 3 4 6 7 |  7.3
Armour         | 4 5 6 7 |  7.1
Shields        | 4 5 7 |  7.9
Evocations     | 1 2 |  2.3
Stealth        | 1 |  1.6

Action                   |  1- 3 |  4- 6 |  7- 9 || total
-------------------------+-------+-------+-------++-------
Melee: War axe           |   151 |   197 |   263 ||   611
Evoke: Deck              |     2 |     1 |     9 ||    12
       Wand              |       |     2 |    11 ||    13
  Use: Potion            |     5 |     5 |     8 ||    18
       Scroll            |     3 |    11 |     6 ||    20
 Stab: Sleeping          |       |       |     1 ||     1
  Eat: Chunk             |       |     6 |     7 ||    13
Armor: Scale mail        |    72 |    79 |   119 ||   270
Dodge: Dodged            |    53 |    70 |   102 ||   225
Block: Shield            |    78 |   132 |   184 ||   394
